 Dungeon Crawl Stone Soup version 0.31-a0-1074-g0b22e4e0f1 (webtiles) character file.

Game seed: 1359928710586471969

1904 promet the Trooper (level 9, -3/48 HPs)
             Began as a Vine Stalker Fighter on Nov 27, 2023.
             Was a Believer of Uskayaw.
             Slain by a wyvern (9 damage)
             ... on level 7 of the Dungeon.
             The game lasted 00:38:52 (11260 turns).

promet the Trooper (Vine Stalker Fighter)          Turns: 11260, Time: 00:38:53

Health: -3/48      AC: 12    Str: 20    XL:     9   Next: 15%
Magic:  0/10       EV:  8    Int:  8    God:    Uskayaw [**....]
Gold:   346        SH:  0    Dex: 17    Spells: 8/8 levels left

rFire   . . .        a - +3 battleaxe (freeze)
rCold   . . .        (shield currently unavailable)
rNeg    . . .        q - +0 chain mail
rPois   .            (no helmet)
rElec   .            (no cloak)
rCorr   .            (no gloves)
SInv    .            D - +1 pair of boots
Will    +....        F - amulet of the acrobat Stlth
                     (no ring)
HPRegen 1.08/turn    (no ring)
MPRegen 0.12/turn

%: acrobat, guardian spirit
@: no status effects
A: fangs 3, regeneration 1, magic shield, antimagic bite, no potion heal 2
a: Renounce Religion, Stomp, Line Pass


You were on level 7 of the Dungeon.
You worshipped Uskayaw.
Uskayaw was noncommittal.
You visited 2 branches of the dungeon, and saw 9 of its levels.

You collected 346 gold pieces.

Inventory:

Hand Weapons
 a - a +3 battleaxe of freezing (weapon)
 b - a +1 orcbow
 p - a +0 trident
 t - a +0 rapier
 u - a +5 falchion
 A - a +0 great mace
 E - the +3 war axe of Floral Gallantry {flame, rC+}
   (You found it on level 5 of the Dungeon)

   rC+:       It protects you from cold.
Missiles
 f - 11 poisoned darts (quivered)
 i - 88 stones
 l - 2 throwing nets
 o - 3 boomerangs
 x - 3 darts of dispersal
Armour
 c - a +0 buckler
 q - a +0 chain mail (worn)
 D - a +1 pair of boots (worn)
Jewellery
 g - a ring of protection from cold
 B - an amulet of magic regeneration
 F - an amulet of the acrobat (around neck)
Wands
 d - a wand of polymorph (9)
 y - a wand of flame (29)
 G - a wand of roots (11)
Scrolls
 m - a scroll of teleportation
 n - 2 scrolls of vulnerability
 v - a scroll of blinking
 w - a scroll of identify
Potions
 e - 2 potions of lignification
 h - 2 potions of curing
 j - 2 potions of degeneration {unknown}
 k - a potion of brilliance
 r - a potion of cancellation {unknown}
 s - 3 potions of heal wounds
 z - a potion of magic {unknown}


   Skills:
 * Level 6.0 Fighting
 + Level 2.7(4.1) Axes
 + Level 2.3(3.0) Maces & Flails
 + Level 3.9(4.3) Polearms
 + Level 3.7 Ranged Weapons
 + Level 0.1 Throwing
 + Level 5.2 Armour
 + Level 0.8 Dodging
 + Level 3.6 Stealth
 + Level 3.0 Shields


You had 8 spell levels left.
You didn't know any spells.
Your spell library contained the following spells:

 Spells                   Type           Power      Damage    Failure   Level
 Shock                    Conj/Air       0%         1d3       97%         1
 Blink                    Tloc           0%         N/A       99%         2
 Lesser Beckoning         Tloc           0%         N/A       99%         2
 Momentum Strike          Conj/Tloc      0%         3d8       99%         2
 Dazzling Flash           Conj/Hex       0%         N/A       100%        3
 Inner Flame              Hex/Fire       0%         N/A       100%        3
 Swiftness                Air            0%         N/A       100%        3
 Tukima's Dance           Hex            0%         N/A       100%        3
 Airstrike                Air            0%         2d(0-16)  100%        4
 Dimensional Bullseye     Hex/Tloc       0%         N/A       100%        4
 Iskenderun's Mystic Bla  Conj/Tloc      0%         2d3       100%        4
 Agony                    Necr           0%         N/A       100%        5
 Silence                  Hex/Air        0%         N/A       100%        5
 Yara's Violent Unravell  Hex/Tmut       0%         3d3       100%        5
 Enfeeble                 Hex            0%         N/A       100%        7


Dungeon Overview and Level Annotations

Branches:
Dungeon (8/15)             Temple (1/1) D:4
   Lair: D:8-11

Altars:
Cheibriados
Dithmenos
Elyvilon
Fedhas
Gozag
Hepliaklqana
Kikubaaqudgha
Makhleb
Nemelex Xobeh
Qazlal
Ru
Sif Muna
Trog
Uskayaw
Vehumet
Xom
Yredelemnul
Zin
The Shining One

Shops:
D:1 =   D:3 (   D:4 ==::

Annotations:
D:4 3 runed translucent doors, justen's ghost, amateur MfSh
D:8 Grum


Innate Abilities, Weirdness & Mutations

You have razor-sharp teeth.
Your natural rate of healing is unusually fast.
When hurt, damage is shared between your health and your magic reserves.
Your bite disrupts and absorbs the magic of your enemies.
Potions cannot restore your health.


Message History

You shoot an arrow. The arrow hits the black bear!
The black bear is severely wounded.
The black bear barely misses you. The black bear claws you. x2
You can now pass through a line of other dancers.
The wyvern bites you! The orc barely misses you.
The black bear bites you but does no damage.
The black bear claws you but does no damage. x2
The wyvern bites you but does no damage.
You climb upwards.
There is a stone staircase leading down here.
Your +3 battleaxe of freezing glows with a cold blue light!
a - a +3 battleaxe of freezing (weapon)
You barely miss the orc. Your bite misses the orc. You hit the black bear.
You freeze the black bear. You completely miss the wyvern.
The wyvern barely misses you. The black bear barely misses you.
The black bear claws you but does no damage. x2
The orc hits you with a +0 flail. The wyvern bites you.
The black bear goes berserk!
The orc closely misses you. The wyvern bites you.
You slash the orc! You freeze the orc.
You kill the orc!
You barely miss the wyvern. You closely miss the black bear.
The black bear bites you but does no damage.
The black bear barely misses you.
The black bear claws you but does no damage.
The wyvern bites you! The black bear barely misses you. x2
The black bear claws you but does no damage.
The wyvern bites you!
* * * LOW HITPOINT WARNING * * *
You slash the wyvern! You freeze the wyvern.
The wyvern is almost dead.
You closely miss the black bear. The black bear bites you.
The black bear barely misses you.
The black bear claws you but does no damage.
The wyvern bites you!
* * * LOW HITPOINT WARNING * * *
The black bear bites you but does no damage.
The black bear closely misses you.
The black bear claws you but does no damage.
The wyvern bites you!
You die...

.........'.........'.............
........##.........####...######.
........###.......## #..## #.
.......## ##.....######.#### #.
#.....## ##...## #.......# ##
##...## ##'#####.##.##.## ##.##
#.#............# #.#
#.#)###.##.##..# #.# #####.#@#
#.##.##..# #.#
#.....hl###.##.##..# #.#
#.#................#
#.######..............###.#
#.........##.####.........#
############.# ########### #.#
#.# #.#


You could see a black bear (berserk) and a wyvern.

Vanquished Creatures
  A water moccasin (D:5)
  A sky beast (D:7)
  An ogre (D:5)
  A wolf (D:7)
  An ice beast (D:7)
  A centaur (D:6)
  A scorpion (D:5)
  6 wights
  2 jellies (D:4)
  5 orc priests
  3 hounds (D:5)
  2 gnoll boudas (D:6)
  A sleepcap (D:4)
  An iguana (D:6)
  7 orc wizards
  16 adders
  16 gnolls
  2 worms
  3 dart slugs
  21 orcs
  5 ball pythons
  8 endoplasms
  4 giant cockroaches
  6 goblins
  6 hobgoblins
  7 jackals
  9 kobolds
  3 quokkas
  6 bats
  6 frilled lizards
  4 rats (D:3)
156 creatures vanquished.

Notes
Turn   | Place    | Note
-------+----------+-------------------------------------------
     0 | D:1      | promet the Vine Stalker Fighter began the quest for the
                  | Orb.
     0 | D:1      | Reached XP level 1. HP: 11/11 MP: 2/2
   177 | D:1      | Reached XP level 2. HP: 16/16 MP: 3/3
   334 | D:1      | Reached skill level 3 in Fighting
   338 | D:1      | Found a faded altar of an unknown god.
   436 | D:1      | Found Pioninud's Jewellery Shop.
   900 | D:2      | You fall into a shaft and drop 1 floor!
  1203 | D:3      | Found Qyacsa's Weapon Shoppe.
  1281 | D:3      | Reached XP level 3. HP: 20/20 MP: 4/4
  2373 | D:4      | Reached XP level 4. HP: 9/24 MP: 2/5
  2611 | D:4      | Reached XP level 5. HP: 24/28 MP: 3/6
  4149 | D:2      | Reached XP level 6. HP: 29/32 MP: 5/7
  4276 | D:2      | Reached skill level 1 in Ranged Weapons
  5149 | D:4      | Found Hugg's Jewellery Emporium.
  5152 | D:4      | Found a runed translucent gate.
  5153 | D:4      | Found a runed translucent gate.
  5163 | D:4      | Found a runed translucent gate.
  5343 | D:4      | Noticed justen's ghost (amateur MfSh)
  5368 | D:4      | Found a staircase to the Ecumenical Temple.
  5375 | D:4      | Reached skill level 1 in Maces & Flails
  5421 | D:4      | Found Etsi Uxumo's Book Boutique.
  5424 | D:4      | Found Cageum's Book Shop.
  5467 | D:4      | Found Oxarim Uxaaf's Jewellery Shoppe.
  6028 | Temple   | Found a transporter.
  6028 | Temple   | Found a transporter.
  6028 | Temple   | Found a transporter.
  6028 | Temple   | Found a transporter.
  6028 | Temple   | Entered the Ecumenical Temple
  6064 | Temple   | Became a worshipper of Uskayaw the Reveller
  6126 | D:5      | Entered Level 5 of the Dungeon
  6140 | D:5      | Reached * piety under Uskayaw
  6142 | D:5      | Reached skill level 4 in Fighting
  6142 | D:5      | Reached XP level 7. HP: 37/37 MP: 6/8
  7047 | D:5      | Reached ** piety under Uskayaw
  7163 | D:5      | Identified the +3 war axe of Floral Gallantry {flame, rC+}
  7204 | D:5      | Reached *** piety under Uskayaw
  7829 | D:5      | Reached skill level 1 in Axes
  7829 | D:5      | Reached skill level 1 in Stealth
  7829 | D:5      | Gained mutation: You have razor-sharp teeth. [Vine Stalker
                  | growth]
  7829 | D:5      | Reached XP level 8. HP: 8/42 MP: 2/9
  8439 | D:6      | Found a glowing golden altar of the Shining One.
  8554 | D:6      | Found a blossoming altar of Fedhas.
  8687 | D:6      | Reached **** piety under Uskayaw
  9042 | D:6      | Reached skill level 5 in Fighting
 10541 | D:7      | Reached skill level 5 in Armour
 10541 | D:7      | Reached XP level 9. HP: 29/48 MP: 5/10
 10867 | D:7      | Reached skill level 6 in Fighting
 11208 | D:8      | Noticed Grum
 11260 | D:7      | Slain by a wyvern

Illustrated notes

Levels and vault maps discovered:
D:1:      nagdon_arrival_zigzag_paths, layout_basic, basic_ecumenical_altar,
          serial_shops, nicolae_shop_gibbet_a_chance
D:2:      layout_basic, minmay_snake_closets
D:3:      layout_basic, serial_shops, nicolae_shop_window_shopping
D:4:      layout_loops_cross, minmay_temple_entry_glassed_door, serial_shops,
          nicolae_shop_behind_doors, gammafunk_ghost_necromancy,
          nicolae_wooded_promenade, kennysheep_generic_room_7
D:5:      layout_gridville
D:6:      layout_cave_pods, overflow_temple_1_default, lemuel_tele_altar,
          bh_walls_and_bars
D:7:      layout_loops_corners
D:8:      layout_gridville, david_lair_generic, enter_bailey_2, serial_shops,
          nicolae_shop_crystal, nicolae_twisty_statue_hallways, uniq_grum
Temple:   hellmonk_temple_divided_pantheon

Skill      XL: |  1  2  3  4  5  6  7  8  9 |
---------------+----------------------------+-----
Fighting       | 3 4 5 6 |  6.0
Polearms       | 2 3 |  3.9
Shields        | 3 |  3.0
Armour         | 3 4 5 |  5.2
Ranged Weapons | 2 3 |  3.7
Maces & Flails | 1 2 |  2.3
Axes           | 1 2 |  2.7
Stealth        | 1 3 |  3.6
Throwing       | |  0.1
Dodging        | |  0.8

Action                     |  1- 3 |  4- 6 |  7- 9 || total
---------------------------+-------+-------+-------++-------
  Melee: Trident           |   107 |    37 |       ||   144
         Bite              |    19 |    36 |    27 ||    82
         Great mace        |       |   130 |    25 ||   155
         War axe           |       |       |    96 ||    96
         Battleaxe         |       |       |     6 ||     6
   Fire: Sling             |       |    47 |    29 ||    76
         Orcbow            |       |       |    41 ||    41
  Throw: Boomerang         |       |     4 |     1 ||     5
         Dart              |       |       |     3 ||     3
  Evoke: Wand              |       |       |     1 ||     1
    Use: Scroll            |     5 |     4 |     7 ||    16
         Potion            |     1 |     1 |     1 ||     3
   Stab: Paralysed         |       |       |     3 ||     3
 Armour: Scale mail        |    50 |    75 |       ||   125
         Chain mail        |       |    70 |   206 ||   276
         Skin              |       |    12 |       ||    12
  Dodge: Dodged            |    21 |    79 |    87 ||   187
  Block: Buckler           |    21 |     5 |       ||    26

Table legend: (Time is in decaauts)
 A = Elapsed time spent in this place.
 B = Non-inter-level travel time spent in this place.
 C = Inter-level travel time spent in this place.
 D = Time resting spent in this place.
 E = Time spent auto-exploring this place.
 F = Levels seen in this place.
 G = Mean time per level.
                   A        B        C        D        E       F      G
               +--------+--------+--------+--------+--------+-----+--------+
         Total |  11473 |  10898 |    575 |   4336 |   3013 |   9 | 1274.8 |
       Dungeon |  11412 |  10837 |    575 |   4336 |   3013 |   8 | 1426.5 |
        Temple |     60 |     60 |      0 |      0 |      0 |   1 |   60.0 |
               +--------+--------+--------+--------+--------+-----+--------+

Top non-repeatable levels by time:
     D:4: 2452 daAuts
     D:2: 1928 daAuts
     D:6: 1828 daAuts
     D:3: 1747 daAuts
     D:5: 1534 daAuts
     D:7: 1024 daAuts
     D:1: 862 daAuts
  Temple: 60 daAuts
     D:8: 34 daAuts
